 Dungeon Crawl Stone Soup version 0.20-a0-1116-gaa52201 (webtiles) character file.

779 Lochraine the Grave Robber (level 7, -3/62 HPs)
             Began as a Deep Dwarf Necromancer on May 8, 2017.
             Shot with an arrow by a centaur (12 damage)
             ... on level 5 of the Dungeon.
             The game lasted 00:18:46 (5637 turns).

Lochraine the Grave Robber (Deep Dwarf Necromancer) Turns: 5637, Time: 00:18:47

Health: -3/62      AC:  6    Str: 13    XL:     7   Next: 54%
Magic:  8/8        EV: 12    Int: 16    God:
Gold:   221        SH:  5    Dex: 13    Spells: 3/12 levels left

rFire    . . .     SeeInvis .   j - +2 short sword (venom)
rCold    . . .     Gourm    .   h - +0 buckler
rNeg     + . .     Faith    .   n - +0 leather armour
rPois    .         Spirit   .   x - +2 helmet
rElec    .         Reflect  .   (no cloak)
rCorr    .         Harm     .   (no gloves)
MR       +....                  (no boots)
Stlth    ++........             (no amulet)
Regen    0.0/turn               s - ring of positive energy
MPRegen  0.2/turn               e - ring of wizardry

@: non-regenerating
A: damage resistance, heal wounds, sense surroundings 1, no regeneration
a: Heal Wounds


You were on level 5 of the Dungeon.
You were not hungry.

You visited 1 branch of the dungeon, and saw 5 of its levels.

You collected 221 gold pieces.

Inventory:

Hand Weapons
 j - a +2 short sword of venom (weapon)
   (You took it off a kobold on level 1 of the Dungeon)
Armour
 d - a +0 chain mail
   (You found it on level 4 of the Dungeon)
 h - a +0 buckler (worn)
   (You found it on level 1 of the Dungeon)
 n - a +0 leather armour (worn)
   (You found it on level 2 of the Dungeon)
 x - a +2 helmet (worn)
   (You found it on level 4 of the Dungeon)
Jewellery
 e - a ring of wizardry (right hand)
   (You found it on level 5 of the Dungeon)
 s - a ring of positive energy (left hand)
   (You found it on level 3 of the Dungeon)
 w - an uncursed amulet of harm {unknown}
   (You found it on level 5 of the Dungeon)
Wands
 u - a wand of paralysis (11/24)
   (You found it on level 5 of the Dungeon)
Scrolls
 a - a scroll of amnesia
 g - a scroll of teleportation {@r4}
 t - a scroll of remove curse {@r2}
 v - a scroll of immolation {!r}
 y - 2 scrolls of blinking
Potions
 f - 3 potions of curing {unknown}
 i - a potion of might {unknown}
 k - a potion of berserk rage {unknown}
 m - a potion of flight
 o - a potion of mutation {!q}
 r - 2 potions of ambrosia {unknown}
Books
 b - a book of Necromancy
Comestibles
 c - a meat ration
 l - 5 fruits
 q - 5 bread rations


   Skills:
 + Level 3.1 Fighting
 + Level 3.8 Armour
 - Level 2.1 Dodging
 - Level 2.4 Stealth
 - Level 4.1 Shields
 - Level 3.0 Spellcasting
 - Level 6.4 Necromancy


You had 3 spell levels left.
You knew the following spells:

 Your Spells              Type           Power        Failure   Level  Hunger
a - Pain                  Necr           ###.         1%          1    #......
b - Vampiric Draining     Necr           ###.......   1%          3    ###....
c - Animate Dead          Necr           N/A          6%          4    #####..
z - Animate Skeleton      Necr           N/A          1%          1    #......


Dungeon Overview and Level Annotations

Branches:
Dungeon (5/15)
 Temple: D:4-7

Altars:
Cheibriados
Ru

Annotations:
D:4 Shinoi's ghost, amateur DsAK


Innate Abilities, Weirdness & Mutations

You are resistant to damage.
You can heal yourself by infusing magical energy.
You passively map a small area around you.
You do not regenerate.


Message History

You hit the worker ant zombie.
The worker ant zombie barely misses you.
You hit the worker ant zombie but do no damage.
The worker ant zombie bites you but does no damage.
You hit the worker ant zombie but do no damage.
The worker ant zombie bites you but does no damage.
The worker ant zombie bites you.
You hit the worker ant zombie.
The worker ant zombie bites you but does no damage.
You hit the worker ant zombie.
The worker ant zombie bites you but does no damage.
You barely miss the worker ant zombie.
You block the worker ant zombie's attack.
You hit the worker ant zombie.
The worker ant zombie barely misses you.
You barely miss the worker ant zombie.
The worker ant zombie bites you but does no damage.
You hit the worker ant zombie but do no damage.
The worker ant zombie bites you.
* * * LOW HITPOINT WARNING * * *
You completely miss the worker ant zombie.
The worker ant zombie bites you.
You hit the worker ant zombie. The worker ant zombie bites you.
* * * LOW HITPOINT WARNING * * *
You barely miss the worker ant zombie. The worker ant zombie bites you.
* * * LOW HITPOINT WARNING * * *
You hit the worker ant zombie.
The worker ant zombie closely misses you.
The worker ant zombie bites you.
You hit the worker ant zombie.
You destroy the worker ant zombie!
You open the door.
Found 15 gold pieces and a leather armour.
There is an open door here.
Found 11 gold pieces.
You now have 204 gold pieces (gained 15).
Found 6 gold pieces.
Found a murky sapphire potion.
You now have 215 gold pieces (gained 11).
f - 3 murky sapphire potions (gained 1)
You now have 221 gold pieces (gained 6).
A centaur comes into view.
Okay, then.
Found 14 gold pieces.
You see here 14 gold pieces.
You open the door.
The centaur shouts!
The centaur wields a runed shortbow.
The centaur shoots an arrow.
The arrow hits you!
You die...

,* ##...###,# , ***
##.....## * *
#.......# #...#.#...#
* #...##.##...# #,
##.c.##...##...#
#.*##...##.....##...#
#..#...##.......##...
#..'@.♣#♣.......♣ ♣..
#.##...##.......##...
##...##.....##...# ,
##...##...##...#* ,
##...##.##..[# * *
##...#.#...# ** * *
##.......# , ,
##.....### , *
##...##.#


You could see a centaur.

Vanquished Creatures
  A phantom (D:4)
  A centaur (D:5)
  2 water moccasin zombies (D:5)
  A scorpion (D:5)
  A hound (D:5)
  A jelly (D:5)
  2 orc priests
  An orc wizard (D:3)
  2 bullfrog skeletons (D:5)
  3 worker ants
  2 worker ant zombies (D:5)
  9 adders
  An ooze (D:2)
  A dart slug (D:4)
  2 leopard geckos (D:4)
  8 orcs
  3 giant cockroaches
  10 goblins
  8 hobgoblins
  7 jackals
  3 quokkas
  6 bats
  6 frilled lizards
  10 kobolds
  7 rats
98 creatures vanquished.

Vanquished Creatures (collateral kills)
  An orc (D:3)
  A jackal (D:3)
2 creatures vanquished.

Grand Total: 100 creatures vanquished

Notes
Turn   | Place    | Note
-------+----------+-------------------------------------------
     0 | D:1      | Lochraine the Deep Dwarf Necromancer began the quest for the Orb.
     0 | D:1      | Reached XP level 1. HP: 15/15 MP: 3/3
   177 | D:1      | Learned a level 1 spell: Animate Skeleton
   245 | D:1      | Reached XP level 2. HP: 14/22 MP: 5/5
  1033 | D:2      | Reached skill level 5 in Necromancy
  1308 | D:2      | Reached XP level 3. HP: 14/28 MP: 2/6
  1321 | D:2      | Reached skill level 1 in Shields
  1862 | D:2      | Learned a level 3 spell: Vampiric Draining
  1873 | D:2      | Found a sacrificial altar of Ru.
  1936 | D:2      | Reached XP level 4. HP: 13/36 MP: 0/7
  2505 | D:3      | Found a snail-covered altar of Cheibriados.
  2795 | D:3      | Reached XP level 5. HP: 16/42 MP: 3/8
  3230 | D:3      | Learned a level 4 spell: Animate Dead
  3982 | D:4      | Noticed Shinoi's ghost (amateur DsAK)
  4240 | D:4      | Noticed an ogre
  4244 | D:4      | Reached skill level 6 in Necromancy
  4611 | D:4      | Noticed a phantom
  4650 | D:4      | Reached XP level 6. HP: 20/49 MP: 2/9
  4951 | D:5      | Entered Level 5 of the Dungeon
  5052 | D:5      | Reached skill level 1 in Fighting
  5052 | D:5      | Reached skill level 1 in Armour
  5178 | D:5      | Reached XP level 7. HP: 33/58 MP: 8/8
  5637 | D:5      | Shot with an arrow by a centaur

Vault maps used:
D:1:      dpeg_arrival_circle_labyrinth_c, serial_park_tiny_pond,
          hangedman_decor_riveting, minmay_hedge_maze
D:2:      nicolae_ru_the_path_less_chosen
D:3:      cheibriados_altar_1
D:5:      first_bread, minmay_crystal_water, kennysheep_diamond

Skill      XL: |  1  2  3  4  5  6  7 |
---------------+----------------------+-----
Spellcasting   | 2 3 |  3.0
Necromancy     | 5 6 |  6.4
Shields        | 1 2 3 4 |  4.1
Fighting       | 1 3 |  3.1
Armour         | 2 3 |  3.8
Dodging        | |  2.1
Stealth        | |  2.4

Action                   |  1- 3 |  4- 6 |  7- 9 || total
-------------------------+-------+-------+-------++-------
Melee: Dagger            |    24 |       |       ||    24
       Mace              |    30 |       |       ||    30
       Short sword       |    24 |   226 |    58 ||   308
 Cast: Pain              |    28 |     6 |       ||    34
       Animate Skeleton  |    11 |    18 |     1 ||    30
       Vampiric Draining |     1 |    23 |     1 ||    25
       Animate Dead      |       |     1 |       ||     1
 Abil: Heal Wounds       |       |     4 |       ||     4
  Use: Scroll            |       |    10 |     2 ||    12
       Potion            |       |     1 |       ||     1
 Stab: Sleeping          |     3 |     2 |     1 ||     6
  Eat: Chunk             |     4 |    10 |       ||    14
       Meat ration       |       |     1 |       ||     1
Armor: Robe              |    29 |     2 |       ||    31
       Leather armour    |       |    55 |     6 ||    61
       Chain mail        |       |    52 |    20 ||    72
Dodge: Dodged            |    55 |   128 |    22 ||   205
Block: Buckler           |       |    16 |     3 ||    19
